 Seeded DCSS version 0.28.0-45-g0d030f2227 (webtiles) character file.

Game seed: 18446744073709551615 (custom seed)

28 thiscave3701365 the Chopper (level 3, -1/33 HPs)
             Began as a Hill Orc Berserker on Apr 12, 2022.
             Was a Follower of Trog.
             Slain by Sigmund
             ... wielding a +0 scythe
              (8 damage)
             ... on level 2 of the Dungeon.
             The game lasted 00:01:08 (1012 turns).

thiscave3701365 the Chopper (Hill Orc Berserker)    Turns: 1012, Time: 00:01:08

Health: -1/33      AC: 11    Str: 21    XL:     3   Next: 12%
Magic:  3/3        EV:  8    Int:  7    God:    Trog [*.....]
Gold:   72         SH:  0    Dex: 10    Spells: 2/2 levels left

rFire   . . .      SeeInvis .   a - +0 hand axe
rCold   . . .      Faith    .   (no shield)
rNeg    + . .      Spirit   .   h - +0 chain mail {rN+}
rPois   .          Reflect  .   (no helmet)
rElec   .          Harm     .   g - +2 cloak
rCorr   .          Rampage  .   (no gloves)
Will    .....                   (no boots)
Stlth   ..........              (no amulet)
HPRegen 0.11/turn               f - ring of flight
MPRegen 0.08/turn               (no ring)

@: on berserk cooldown, flying, slowed, very slow
A: no striking features
a: Renounce Religion, Berserk


You were on level 2 of the Dungeon.
You worshipped Trog.
Trog was aware of your devotion.
You visited 1 branch of the dungeon, and saw 2 of its levels.

You collected 72 gold pieces.

Inventory:

Hand Weapons
 a - a +0 hand axe (weapon)
Armour
 g - a +2 cloak (worn)
 h - a +0 chain mail of positive energy (worn)
Jewellery
 c - a ring of ice
 f - a ring of flight (left hand)
Potions
 b - a potion of brilliance {unknown}
 e - a potion of heal wounds {unknown}


   Skills:
 + Level 4.2 Fighting
 + Level 4.8 Axes
 + Level 2.3 Armour
 + Level 1.6 Dodging


You had 2 spell levels left.
You didn't know any spells.
Your spell library was empty.

Dungeon Overview and Level Annotations

Branches:
Dungeon (2/15)

Altars:

Annotations:
D:2 Sigmund


Message History

Sigmund hits you with a +0 scythe.
You closely miss Sigmund. Sigmund hits you but does no damage.
Unknown command.
You barely miss Sigmund. You closely miss Sigmund. Sigmund closely misses you.
A red film seems to cover your vision as you go berserk!
You feel yourself moving faster!
You feel mighty! Sigmund casts a spell at you.
You are confused.
You are too confused!
You are too confused!
Unknown command.
You are too confused!
You are too confused!
Unknown command.
You are too confused!
You are too confused!
You feel a strong urge to attack something.
Sigmund barely misses you.
You bump into the rock wall.
You feel your anger nearly subside.
You miss Sigmund.
Sigmund mumbles some strange words.
Sigmund flickers and vanishes!
Deactivating autopickup; reactivate with Ctrl-A.
You hear some strange, mumbled words.
You are more confused.
You bump into the rock wall.
You feel a strong urge to attack something.
You are no longer berserk.
You are exhausted.
You feel yourself slow down.
You bump into the rock wall.
Something hits you!
Found 8 gold pieces.
Something hits you but does no damage.
You're too confused to move!
Something hits you!
* * * LOW HITPOINT WARNING * * *
Something completely misses you.
You feel less confused. Something hits you!
You die...

#...†......#
...........#
#..........##
#...........#
##..........# ######
##......(..###....#####
###........##........#
...#....#..#.........
....#....##..{@....(..
.....##................
.... #....#.##........
....#...........$
..................
....#............
#.!.............#
...#..........## .
.........#...


There were no monsters in sight!

Vanquished Creatures
  A worm (D:2)
  2 dart slugs (D:1)
  2 bats (D:1)
  An endoplasm (D:1)
  A giant cockroach (D:1)
  A goblin (D:1)
  3 hobgoblins (D:1)
  2 quokkas (D:1)
  2 ball pythons (D:1)
  3 frilled lizards (D:1)
  2 rats
20 creatures vanquished.

Notes
Turn   | Place    | Note
-------+----------+-------------------------------------------
     0 | D:1      | thiscave3701365 the Hill Orc Berserker began the quest for
                  | the Orb.
     0 | D:1      | Reached XP level 1. HP: 19/19 MP: 1/1
   132 | D:1      | Found a faded altar of an unknown god.
   297 | D:1      | Reached XP level 2. HP: 18/27 MP: 2/2
   815 | D:1      | Reached XP level 3. HP: 33/33 MP: 3/3
   991 | D:2      | Noticed Sigmund
  1012 | D:2      | Slain by Sigmund

Illustrated notes

Levels and vault maps discovered:
D:1:      matt_arrival_refuge, layout_basic, ebering_ecumenical_altar_hall
D:2:      layout_rooms, uniq_sigmund

Skill      XL: |  1  2 |
---------------+-------+-----
Fighting       | 4 |  4.2
Axes           | |  4.8
Armour         | |  2.3
Dodging        | |  1.6

Action                   || total
-------------------------++-------
Melee: Hand axe          ||    62
       Punch             ||     1
Throw: Throwing net      ||     1
Invok: Berserk           ||     1
Armor: Animal skin       ||     9
       Chain mail        ||     8
Dodge: Dodged            ||    32
